 Dungeon Crawl Stone Soup version 0.19-a0-1895-g783e625 (webtiles) character file.

1612 tboon the Cleaver (level 8, -3/71 HPs)
             Began as a Minotaur Fighter on Oct 18, 2016.
             Was an Initiate of Okawaru.
             Slain by sage1234's ghost (4 damage)
             ... on level 6 of the Dungeon.
             The game lasted 00:15:50 (5386 turns).

tboon the Cleaver (Minotaur Fighter)                Turns: 5386, Time: 00:15:51

Health: -3/71      AC: 10    Str: 25    XL:     8   Next: 63%
Magic:  7/7        EV:  8    Int:  6    God:    Okawaru [......]
Gold:   240        SH: 11    Dex:  9    Spells: 0 memorised, 7 levels left

rFire  x . .     SeeInvis .     a - +1 war axe
rCold  . . .     Gourm    .     w - +1 scale mail "Icamiyt" {+Blink rF- MR+++ Stlth+}
rNeg   . . .     Faith    .     c - +0 shield
rPois  .         Spirit   .     (helmet restricted)
rElec  .         Reflect  .     x - +0 cloak
rCorr  .         Harm     .     (no gloves)
MR     +++..                    (no boots)
Stlth  +.........               (no amulet)
                                (no ring)
                                r - +2 ring of strength

@: no status effects
A: retaliatory headbutt, horns 2
a: Renounce Religion, Evoke Blink


You were on level 6 of the Dungeon.
You worshipped Okawaru.
Okawaru was noncommittal.
You were not hungry.

You visited 2 branches of the dungeon, and saw 7 of its levels.

You collected 240 gold pieces.

Inventory:

Hand Weapons
 a - a +1 war axe (weapon)
Armour
 c - a +0 shield (worn)
 w - the +1 scale mail "Icamiyt" (worn) {+Blink rF- MR+++ Stlth+}
   (You found it on level 5 of the Dungeon)

   It makes you vulnerable to fire.
   It affects your resistance to hostile enchantments.
   It lets you blink.
   It makes you more stealthy.
 x - a +0 cloak (worn)
 y - a +0 chain mail of magic resistance
Jewellery
 r - a +2 ring of strength (left hand)
Wands
 p - a wand of iceblast (15/15)
Scrolls
 e - 2 scrolls of identify
 h - 2 scrolls of blinking
 l - a scroll of enchant weapon
 m - 2 scrolls of recharging
 s - a scroll of amnesia {unknown}
 t - a scroll of remove curse
 A - a scroll of fog {unknown}
Potions
 i - a potion of ambrosia
 j - a potion of cancellation
 k - a potion of curing
 o - a potion of invisibility
 q - a potion of brilliance {unknown}
 u - 2 potions of resistance {unknown}
Comestibles
 d - a beef jerky
 f - 5 bread rations
 g - a slice of pizza


   Skills:
 + Level 6.6 Fighting
 * Level 8.9 Axes
 + Level 6.8 Armour
 + Level 6.8 Shields


You had 7 spell levels left.
You didn't know any spells.

Dungeon Overview and Level Annotations

Branches:
Dungeon (6/15)             Temple (1/1) D:5

Altars:
Ashenzari
Cheibriados
Fedhas
Gozag
Makhleb
Nemelex Xobeh
Okawaru
Qazlal
Trog
Vehumet
Xom
Yredelemnul
Zin
The Shining One

Annotations:
D:5 1 runed door
D:6 sage1234's ghost, amateur FeCj


Innate Abilities, Weirdness & Mutations

You reflexively headbutt those who attack you in melee.
You have a pair of horns on your head.


Message History

You see here a giant club.
A bullfrog comes into view.
The bullfrog croaks.
You block sage1234's ghost's attack.
You completely miss sage1234's ghost. Your headbutt misses sage1234's ghost.
Sage1234's ghost casts a spell at you. The orb of energy hits you!
* * * LOW HITPOINT WARNING * * *
The orb of energy explodes!
You closely miss sage1234's ghost.
Sage1234's ghost stares at you and mumbles some strange words.
You block the orb of energy.
The orb of energy explodes!
You completely miss sage1234's ghost. Your headbutt misses sage1234's ghost.
Sage1234's ghost stares at you and mumbles some strange words.
You block the orb of energy.
The orb of energy explodes!
You miss sage1234's ghost. Your headbutt misses sage1234's ghost.
You barely miss the bullfrog. The bullfrog hits you!
* * * LOW HITPOINT WARNING * * *
Sage1234's ghost hits you.
You die...

#..#.#
##.#)########
#..........#
#...######.#
#...######.#
#...##.....#
#....##(....#
#.#..##....)######
#...>##....@##...#
###..#<...FW.....#
#..##..........#
#..#######.....#
..# #.....#
#.....# #.....#
#.....# ###.#..


You could see a bullfrog and sage1234's ghost.

Vanquished Creatures
  Sigmund (D:2)
  Menkaure (D:6)
  The ghost of scalarboson the Grave Robber, an amateur DENe (D:4)
  A water moccasin (D:4)
  Duvessa (D:5)
  A sky beast (D:6)
  5 ogres
  Dowan (D:5)
  2 crimson imps (D:6)
  3 iron imps (D:4)
  Ijyb (D:2)
  4 worker ants
  A hound skeleton (D:5)
  8 adders
  4 oozes
  An adder skeleton (D:6)
  An adder zombie (D:5)
  3 worms (D:3)
  A dart slug (D:1)
  3 leopard geckos
  An orc (D:4)
  11 bats
  3 giant cockroaches
  9 goblins
  7 hobgoblins
  8 jackals
  2 quokkas
  A ball python (D:1)
  5 frilled lizards
  8 kobolds
  8 rats
107 creatures vanquished.

Notes
Turn   | Place    | Note
-------+----------+-------------------------------------------
     0 | D:1      | tboon the Minotaur Fighter began the quest for the Orb.
     0 | D:1      | Reached XP level 1. HP: 19/19 MP: 0/0
   189 | D:1      | Reached skill level 3 in Axes
   299 | D:1      | Reached XP level 2. HP: 27/27 MP: 1/1
   407 | D:1      | Reached XP level 3. HP: 30/33 MP: 2/2
  1056 | D:2      | Found a shattered altar of Ashenzari.
  1309 | D:2      | Noticed Ijyb
  1322 | D:2      | Killed Ijyb
  1322 | D:2      | Reached skill level 4 in Axes
  1322 | D:2      | Reached XP level 4. HP: 40/40 MP: 3/3
  1426 | D:2      | Found a sparkling altar of Nemelex Xobeh.
  1577 | D:2      | Noticed Sigmund
  1590 | D:2      | Killed Sigmund
  1590 | D:2      | Reached skill level 5 in Axes
  1590 | D:2      | Reached XP level 5. HP: 31/47 MP: 4/4
  1820 | D:2      | Reached XP level 6. HP: 53/55 MP: 5/5
  2258 | D:3      | Found a basalt altar of Yredelemnul.
  2258 | D:3      | Found a bloodstained altar of Trog.
  2259 | D:3      | Found a stormy altar of Qazlal.
  2315 | D:3      | Reached skill level 5 in Fighting
  2315 | D:3      | Reached skill level 5 in Armour
  2581 | D:4      | Found a radiant altar of Vehumet.
  2704 | D:3      | Reached skill level 6 in Axes
  2704 | D:3      | Reached skill level 5 in Shields
  2961 | D:4      | Noticed scalarboson's ghost (amateur DENe)
  2977 | D:4      | Killed scalarboson's ghost
  2977 | D:4      | Reached XP level 7. HP: 38/61 MP: 6/6
  3163 | D:4      | Found a glowing silver altar of Zin.
  3507 | D:4      | Found a glowing golden altar of the Shining One.
  3543 | D:4      | Reached skill level 7 in Axes
  3599 | D:4      | Found a burning altar of Makhleb.
  3824 | D:5      | Entered Level 5 of the Dungeon
  3883 | D:5      | Noticed a human
  3884 | D:5      | Found a runed door.
  3906 | D:5      | Found a basalt altar of Yredelemnul.
  4037 | D:5      | Got a bloodstained scale mail
  4085 | D:5      | Identified the cursed +1 scale mail "Icamiyt" {+Blink rF- MR+++ Stlth+} (You found it on level 5 of the Dungeon)
  4152 | D:5      | Noticed Dowan
  4158 | D:5      | Killed Dowan
  4158 | D:5      | Reached XP level 8. HP: 67/70 MP: 7/7
  4159 | D:5      | Noticed Duvessa
  4165 | D:5      | Killed Duvessa
  4412 | D:5      | Found a staircase to the Ecumenical Temple.
  4421 | Temple   | Entered the Ecumenical Temple
  4497 | Temple   | Became a worshipper of Warmaster Okawaru
  5050 | D:5      | Reached skill level 8 in Axes
  5114 | D:6      | Noticed Menkaure
  5121 | D:6      | Killed Menkaure
  5381 | D:6      | Noticed sage1234's ghost (amateur FeCj)
  5386 | D:6      | HP: 1/71 [bullfrog (7)]
  5386 | D:6      | Slain by sage1234's ghost

Vault maps used:
D:1:      noname_arrival_rooms_in_the_neighbourhood
D:2:      overflow_temple_1_default, lemuel_doored_altar, first_bread,
          uniq_sigmund, uniq_iyjb
D:3:      gammafunk_temple_overflow_claw
D:4:      tso_altar, nicolae_overflow_crystal_walls, kennysheep_mini_moat,
          demons_altar
D:5:      dk_yredelemnul_ordeal, uniq_duvessa
D:6:      lemuel_crystal_altar, uniq_eustachio, uniq_menkaure,
          uniq_crazy_yiuf_cottage
Temple:   nicolae_temple_figure_zero

Skill      XL: |  1  2  3  4  5  6  7  8 |
---------------+-------------------------+-----
Axes           | 3 4 5 6 7 8 |  8.9
Armour         | 4 5 6 |  6.8
Shields        | 4 5 6 |  6.8
Fighting       | 4 5 6 |  6.6

Action                   |  1- 3 |  4- 6 |  7- 9 || total
-------------------------+-------+-------+-------++-------
Melee: War axe           |    84 |    99 |   121 ||   304
       Headbutt          |    10 |    19 |    27 ||    56
  Use: Potion            |       |     1 |     1 ||     2
       Scroll            |       |     5 |     6 ||    11
  Eat: Chunk             |     1 |     6 |     2 ||     9
       Meat ration       |       |       |     1 ||     1
Armor: Scale mail        |    42 |    28 |    22 ||    92
       Chain mail        |       |       |    14 ||    14
Dodge: Dodged            |    31 |    19 |    21 ||    71
Block: Shield            |    48 |    40 |    53 ||   141
